 Dungeon Crawl Stone Soup version 0.20-a0-672-gd6c3c51 (webtiles) character file.

22713 HEYYEYAAE the Bludgeoner (level 12, -7/122 HPs)
             Began as a Troll Berserker on Feb 17, 2017.
             Was a High Priest of Trog.
             Mangled by a skeletal warrior
             ... wielding a +0 war axe
             ... led by a skeletal warrior
              (17 damage)
             ... while paralysed by a hornet
             ... on level 13 of the Dungeon.
             The game lasted 00:18:38 (11960 turns).

HEYYEYAAE the Bludgeoner (Troll Berserker)         Turns: 11960, Time: 00:18:39

Health: -7/122     AC: 10    Str: 32    XL:     12   Next: 65%
Magic:  11/11      EV:  1    Int: 11    God:    Trog [*****.]
Gold:   451        SH:  0    Dex:  9    Spells: 11/11 levels left

rFire    + . .     SeeInvis +   y - +2 giant spiked club (crush)
rCold    + + +     Gourm    +   v - +3 robe of Naustrid {-Cast *Contam MR+++ Int+6}
rNeg     . . .     Faith    .   (shield currently unavailable)
rPois    .         Spirit   .   E - +1 hat {SInv}
rElec    .         Reflect  .   x - scarf {rC+ rF+}
rCorr    +         Harm     .   (gloves unavailable)
MR       +++..     NoCast   +   (boots unavailable)
Stlth    +.........             k - amulet of rage
Regen    0.7/turn               K - +1 ring of protection
MPRegen  0.2/turn               D - ring of resist corrosion

@: paralysed, lethally poisoned (-7 -> -8), slowed
A: unfitting armour, claws 3, clever 1, cold resistance 2, fast metabolism 3,
gourmand, regeneration 1, shaggy fur 1, tough skin 2
a: Berserk, Trog's Hand, Brothers in Arms, Burn Spellbooks, Renounce Religion,
Evoke Berserk Rage


You were on level 13 of the Dungeon.
You worshipped Trog.
Trog was extremely pleased with you.
You were completely stuffed.

You visited 1 branch of the dungeon, and saw 13 of its levels.
You also visited: Ossuary.

You collected 1160 gold pieces.
You spent 709 gold pieces at shops.

Inventory:

Hand Weapons
 t - a +1 vampiric whip
 y - a +2 giant spiked club of crushing (weapon)
 I - a +2 quarterstaff of chaos
 J - a +0 morningstar
 N - a +5 antimagic giant club
Missiles
 O - 3 large rocks (quivered)
Armour
 d - a scarf of cold resistance
 v - the +3 robe of Naustrid (worn) {-Cast *Contam MR+++ Int+6}
   (You found it on level 5 of the Dungeon)

   It affects your intelligence (+6).
   It affects your resistance to hostile enchantments.
   It prevents spellcasting.
   It causes magical contamination when unequipped.
 x - a scarf of resistance (worn)
 E - a +1 hat of see invisible (worn)
Jewellery
 k - an amulet of rage (around neck)
 n - an uncursed amulet of magic regeneration
 B - an uncursed ring of fire
 D - a ring of resist corrosion (left claw)
 K - a +1 ring of protection (right claw)
 U - an uncursed ring of flight
Wands
 e - a wand of acid (4/15)
 i - a wand of digging (13/24)
 p - a wand of clouds (6/9)
 H - a wand of acid (0/15)
 L - a wand of lightning (7/15)
 P - a wand of acid (8/15)
 T - a wand of clouds (3/9)
 V - a wand of acid (9/15)
 W - a wand of polymorph (11/24)
Scrolls
 a - 5 scrolls of teleportation
 r - 5 scrolls of remove curse
 s - 3 scrolls of immolation
 u - 2 scrolls of amnesia
 w - 5 scrolls of recharging
 A - a scroll of blinking
 C - a scroll of summoning {unknown}
 G - a scroll of magic mapping {unknown}
 Q - 2 scrolls of enchant armour
Potions
 b - 2 potions of lignification {unknown}
 h - 4 potions of brilliance {unknown}
 l - a potion of might
 m - 5 potions of haste
 o - 3 potions of magic {unknown}
 z - 2 potions of ambrosia {unknown}
 F - 2 potions of degeneration {unknown}
 M - 2 potions of berserk rage {unknown}
 R - a potion of curing
Books
 j - a book of Minor Magic

   Spells                             Type                      Level
   a - Magic Dart                     Conjuration                  1
   b - Blink                          Translocation                2
   c - Call Imp                       Summoning                    2
   d - Slow                           Hexes                        2
   e - Conjure Flame                  Conjuration/Fire             3
   f - Mephitic Cloud                 Conjuration/Poison/Air       3
   Trog disapproves of the use of such an item.
Comestibles
 c - 10 bread rations
 f - 2 fruits
 g - 8 meat rations
 q - 15 royal jellies


   Skills:
 - Level 8.7 Fighting
 * Level 16.6 Maces & Flails
 - Level 2.4 Dodging


You had 11 spell levels left.
You didn't know any spells.

Dungeon Overview and Level Annotations

Branches:
Dungeon (13/15)            Temple (0/1) D:7            Lair (0/6) D:11
    Orc (0/2) D:9          Vaults (0/5) D:13

Altars:
Fedhas
Gozag
Yredelemnul

Shops:
D:4 *


Innate Abilities, Weirdness & Mutations

You are too large for most types of armour.
You have claws for hands.
Your metabolism is lightning-fast.
You like to eat raw meat.
Your natural rate of healing is unusually fast.
You are covered in fur. (AC +1)
You have very tough skin. (AC +2)
Your mind is acute. (Int +2)
Your flesh is very cold resistant. (rC++)


Message History

The skeletal warrior hits you with a war axe.
The hornet barely misses you.
The skeletal warrior hits you with a long sword!!
You closely miss the skeletal warrior. The hornet stings you.
You suddenly lose the ability to move!
The skeletal warrior hits you with a war axe!
The hornet stings you!
You shrug off the repeated paralysis!
The skeletal warrior hits you with a long sword!
The skeletal warrior hits you with a war axe!
The hornet stings you!
You are poisoned.
You feel yourself slow down.
The skeletal warrior hits you with a battleaxe.
You feel sick. The hornet stings you!
* * * LOW HITPOINT WARNING * * *
You feel as though you will be slow longer.
The skeletal warrior hits you with a long sword!!
* * * LOW HITPOINT WARNING * * *
The skeletal warrior hits you with a war axe!
You die...

...........................#
...######...................
...#....#..............####
####....+..............'
....(...#..............#
.)......#..............#
........#.#####........#
........#.# +........#
........#.# #.@y.....#
........'.# #zzz.....#
##......#.# #.z...9...
#......#.# #.........
#......#.# #.........
########.# #......... ...
.......... ... .......... ..


You could see 4 skeletal warriors, a hornet and a gargoyle.

Vanquished Creatures
  The ghost of HEYYEYAAE the Bludgeoner, a journeyman TrBe of Trog (D:13)
  A vault guard (D:13)
  A death knight (D:12)
  3 two-headed ogres
  A queen ant (D:9)
  A skeletal warrior (D:13)
  An unseen horror (D:13)
  A cyclops (D:11)
  2 ugly things (D:12)
  An elephant (D:11)
  Joseph (D:7)
  A centaur skeleton (D:13)
  A kobold demonologist (D:12)
  A freezing wraith (D:12)
  A troll (D:8)
  Prince Ribbit (D:7)
  6 slime creatures
  3 hippogriffs
  2 wyverns
  2 wraiths (D:12)
  A shadow (D:13)
  11 yaks
  Eustachio (D:6)
  A steam dragon (D:10)
  A basilisk (D:11)
  2 hungry ghosts (D:10)
  An acid dragon (D:11)
  20 soldier ants (D:9)
  2 wargs (D:9)
  Duvessa (D:7)
  5 orc warriors
  A black bear (D:12)
  3 phantoms
  2 ice beasts
  2 sky beasts
  2 necrophages
  10 ogres
  6 centaurs
  2 crocodiles
  5 big kobolds
  5 bullfrogs
  A wyvern zombie (D:12)
  5 elf skeletons (D:5)
  Dowan (D:7)
  5 killer bees (D:9)
  4 howler monkeys
  4 crimson imps
  2 human zombies
  8 jellies
  2 quasits (D:7)
  8 hounds
  5 orc wizards
  10 orc priests
  Crazy Yiuf (D:4)
  A bullfrog skeleton (D:9)
  2 iguanas
  23 worker ants
  2 big kobold zombies (Ossuary)
  A hound zombie (D:6)
  2 hound skeletons
  2 mummies (Ossuary)
  Robin (D:3)
  12 adders
  3 gnolls (D:7)
  A shadow imp (D:11)
  5 oozes (D:9)
  2 adder zombies
  An adder skeleton (D:4)
  2 worms
  2 dart slugs
  3 leopard geckos
  54 orcs
  4 ball pythons
  8 bats
  4 giant cockroaches
  5 gnoll zombies (Ossuary)
  19 goblins
  11 hobgoblins
  4 quokkas
  6 frilled lizards
  A goblin zombie (Ossuary)
  3 hobgoblin zombies (Ossuary)
  A jackal zombie (D:8)
  25 kobolds
  2 orc zombies (Ossuary)
  A quokka skeleton (D:5)
  2 rats
387 creatures vanquished.

Vanquished Creatures (collateral kills)
  2 tengu conjurers (D:13)
2 creatures vanquished.

Grand Total: 389 creatures vanquished

Notes
Turn   | Place    | Note
-------+----------+-------------------------------------------
     0 | D:1      | HEYYEYAAE the Troll Berserker began the quest for the Orb.
     0 | D:1      | Reached XP level 1. HP: 22/22 MP: 0/0
    95 | D:1      | Reached skill level 3 in Maces & Flails
   104 | D:1      | Reached XP level 2. HP: 28/29 MP: 1/1
   608 | D:2      | Reached XP level 3. HP: 36/36 MP: 2/2
   621 | D:2      | Reached ** piety under Trog
   707 | D:2      | Reached XP level 4. HP: 45/45 MP: 3/3
   743 | D:2      | Reached skill level 4 in Maces & Flails
  1312 | D:3      | Noticed Robin
  1326 | D:3      | Reached *** piety under Trog
  1349 | D:3      | Killed Robin
  1467 | D:3      | Reached XP level 5. HP: 52/53 MP: 4/4
  1714 | D:4      | Noticed a phantom
  1780 | D:4      | Killed a phantom
  1780 | D:4      | Reached skill level 5 in Maces & Flails
  1846 | D:4      | You fall through a shaft for 3 floors!
  1914 | D:7      | Reached XP level 6. HP: 62/62 MP: 5/5
  1936 | D:7      | Noticed Prince Ribbit
  1937 | D:7      | Noticed an ice beast
  1969 | D:7      | Killed Prince Ribbit
  1969 | D:7      | Reached skill level 6 in Maces & Flails
  1975 | D:7      | Gained mutation: Your flesh is cold resistant. (rC+) [potion of mutation]
  1975 | D:7      | Gained mutation: Your flesh is very cold resistant. (rC++) [potion of mutation]
  1975 | D:7      | Gained mutation: Your mind is acute. (Int +2) [potion of mutation]
  1983 | D:7      | Killed an ice beast
  1983 | D:7      | Reached XP level 7. HP: 70/70 MP: 6/6
  2036 | D:7      | Found an opulent altar of Gozag.
  2289 | D:7      | Reached skill level 7 in Maces & Flails
  2332 | D:7      | Noticed Joseph
  2348 | D:7      | Killed Joseph
  2348 | D:7      | Reached skill level 5 in Fighting
  2348 | D:7      | Reached XP level 8. HP: 79/79 MP: 7/7
  2386 | D:7      | Reached skill level 8 in Maces & Flails
  2616 | D:7      | Noticed Dowan
  2617 | D:7      | Noticed Duvessa
  2632 | D:7      | Killed Dowan
  2645 | D:7      | Killed Duvessa
  2817 | D:7      | Found a staircase to the Ecumenical Temple.
  2899 | D:6      | Found a basalt altar of Yredelemnul.
  3003 | D:6      | Reached skill level 9 in Maces & Flails
  3072 | D:6      | Reached **** piety under Trog
  3257 | D:6      | Noticed Eustachio
  3295 | D:6      | Killed Eustachio
  3295 | D:6      | Reached XP level 9. HP: 87/87 MP: 8/8
  3549 | D:5      | Entered Level 5 of the Dungeon
  3726 | D:5      | Reached skill level 10 in Maces & Flails
  3732 | D:5      | Found a sand-covered staircase.
  3750 | Ossuary  | Entered an ossuary
  4162 | D:5      | Got a ripped robe
  4173 | D:5      | Identified the +3 robe of Naustrid {-Cast *Contam MR+++ Int+6} (You found it on level 5 of the Dungeon)
  4740 | D:4      | Got a smoking spear
  4852 | D:4      | Identified the +6 spear "Ceec" {pierce, -Tele rPois rN+ Dex+4} (You found it on level 4 of the Dungeon)
  4884 | D:4      | Found Giwilan's General Store.
  4887 | D:4      | Bought a scroll of acquirement for 572 gold pieces
  4887 | D:4      | Bought a scroll of enchant armour for 82 gold pieces
  4887 | D:4      | Bought a potion of heal wounds for 55 gold pieces
  4929 | D:4      | Found a runed door.
  5470 | D:4      | Noticed Crazy Yiuf
  5476 | D:4      | Killed Crazy Yiuf
  5894 | D:8      | Reached skill level 11 in Maces & Flails
  5952 | D:8      | Noticed a troll
  5963 | D:8      | Killed a troll
  6287 | D:8      | Reached XP level 10. HP: 100/100 MP: 9/9
  7290 | D:9      | Reached ***** piety under Trog
  7504 | D:9      | Reached skill level 12 in Maces & Flails
  7532 | D:9      | Noticed a queen ant
  7552 | D:9      | Killed a queen ant
  7829 | D:9      | HP: 4/106 [soldier ant (9)]
  7832 | D:9      | Reached XP level 11. HP: 14/113 MP: 10/10
  8332 | D:9      | Reached skill level 13 in Maces & Flails
  8467 | D:9      | Found a staircase to the Orcish Mines.
  8754 | D:10     | Entered Level 10 of the Dungeon
  8836 | D:10     | Received a gift from Trog
  9547 | D:10     | Noticed a two-headed ogre
  9553 | D:10     | Killed a two-headed ogre
  9614 | D:11     | Noticed a two-headed ogre
  9621 | D:11     | Reached skill level 14 in Maces & Flails
  9624 | D:11     | Killed a two-headed ogre
  9674 | D:11     | Found a staircase to the Lair.
 10335 | D:12     | Reached skill level 15 in Maces & Flails
 10451 | D:12     | Noticed a white ugly thing
 10456 | D:12     | Killed a white ugly thing
 10456 | D:12     | Reached XP level 12. HP: 122/122 MP: 11/11
 10461 | D:12     | Noticed a death knight
 10689 | D:12     | Killed a death knight
 10810 | D:12     | Noticed a two-headed ogre
 10814 | D:12     | Killed a two-headed ogre
 11342 | D:13     | Found a blossoming altar of Fedhas.
 11412 | D:13     | Reached skill level 16 in Maces & Flails
 11524 | D:13     | Noticed a vault guard
 11529 | D:13     | Killed a vault guard
 11636 | D:13     | Found a gate to the Vaults.
 11661 | D:13     | Noticed HEYYEYAAE's ghost (journeyman TrBe)
 11671 | D:13     | Killed HEYYEYAAE's ghost
 11958 | D:13     | Paralysed by a hornet for 3 turns
 11960 | D:13     | Mangled by a skeletal warrior

Vault maps used:
D:1:      tarquinn_simple_flora_water_a, serial_bayou_pond_e,
          grunt_decor_resistance
D:2:      first_bread
D:3:      uniq_robin
D:4:      serial_shops, shop, kennysheep_generic_room_4, uniq_crazy_yiuf_cottage
D:5:      nicolae_ossuary_entry_catacombs
D:6:      yredelemnul_altar_generic, uniq_eustachio
D:7:      lemuel_temple_firewalk_a, grunt_gozag_breadcrumbs, uniq_duvessa,
          uniq_joseph, uniq_prince_ribbit1
D:9:      minmay_orc_entry_guard_dogs, hangedman_little_slice_of_home,
          minivault_29
D:10:     statue_in_the_mist_lemuel
D:11:     david_lair_generic
D:13:     david_vaults_5, fedhas_altar_1
Ossuary:  minmay_ossuary_gauntlet

Skill      XL: |  1  2  3  4  5  6  7  8  9 10 11 12 |
---------------+-------------------------------------+-----
Maces & Flails | 3 4 5 6 7 9 11 12 15 16 | 16.6
Fighting       | 3 4 5 6 7 8 |  8.7
Dodging        | |  2.4

Action                   |  1- 3 |  4- 6 |  7- 9 | 10-12 || total
-------------------------+-------+-------+-------+-------++-------
Melee: Mace              |    73 |   115 |       |       ||   188
       Whip              |       |   104 |   693 |   681 ||  1478
       Quarterstaff      |       |       |    28 |       ||    28
       Giant spiked club |       |       |       |   310 ||   310
Invok: Berserk           |     1 |     2 |     8 |    14 ||    25
       Trog's Hand       |       |     3 |     2 |     5 ||    10
       Brothers in Arms  |       |       |       |     1 ||     1
Evoke: Wand              |       |       |       |     7 ||     7
  Use: Potion            |       |     8 |       |     6 ||    14
       Scroll            |       |       |    13 |     8 ||    21
 Stab: Sleeping          |     1 |       |       |       ||     1
       Invisible         |       |     1 |       |       ||     1
  Eat: Chunk             |    12 |    16 |    49 |    85 ||   162
       Fruit             |       |       |     1 |     4 ||     5
       Royal jelly       |       |       |       |     1 ||     1
Armor: Animal skin       |    22 |       |       |       ||    22
       Robe              |    15 |   115 |   205 |   253 ||   588
Dodge: Dodged            |    78 |   166 |   250 |   321 ||   815
